 Dungeon Crawl Stone Soup version 0.20.1-1-g8b1a95d (webtiles) character file.

2231 wnhky the Covert (level 9, -1/44 HPs)
             Began as a Spriggan Enchanter on Sept 22, 2017.
             Was an Initiate of Dithmenos.
             Slain by hilaritas's ghost (18 damage)
             ... on level 6 of the Dungeon.
             The game lasted 00:21:23 (7712 turns).

wnhky the Covert (Spriggan Enchanter)               Turns: 7712, Time: 00:21:24

Health: -1/44      AC:  2    Str:  4    XL:     9   Next: 14%
Magic:  8/18       EV: 22    Int: 18    God:    Dithmenos [......]
Gold:   329        SH:  0    Dex: 18    Spells: 8/19 levels left

rFire    . . .     SeeInvis +   a - +1 dagger
rCold    . . .     Gourm    .   (shield restricted)
rNeg     . . .     Faith    .   b - +0 robe
rPois    +         Spirit   .   (helmet restricted)
rElec    .         Reflect  .   (no cloak)
rCorr    .         Harm     .   (gloves unavailable)
MR       +....                  (boots unavailable)
Stlth    +++.......             (no amulet)
Regen    0.2/turn               s - ring of poison resistance
MPRegen  0.2/turn               (no ring)

@: slow
A: unfitting armour, see invisible, herbivore 3, speed 3, slow metabolism 2
a: Renounce Religion


You were on level 6 of the Dungeon.
You worshipped Dithmenos.
Dithmenos was noncommittal.
You were very hungry.

You visited 1 branch of the dungeon, and saw 6 of its levels.

You collected 329 gold pieces.

Inventory:

Hand Weapons
 a - a +1 dagger (weapon)
Missiles
 e - 44 sling bullets
Armour
 b - a +0 robe (worn)
Jewellery
 s - a ring of poison resistance (left hand)
 w - an uncursed amulet of the gourmand {unknown}
Scrolls
 f - 6 scrolls of teleportation {unknown}
 g - 5 scrolls of fog {unknown}
 h - 2 scrolls of recharging {unknown}
 i - 7 scrolls of identify {unknown}
 l - 5 scrolls of remove curse {unknown}
 r - a scroll of amnesia {unknown}
 u - 3 scrolls of immolation {unknown}
 v - a scroll of enchant weapon {unknown}
 x - a scroll of enchant armour {unknown}
Potions
 j - a potion of ambrosia {unknown}
 k - 2 potions of curing
 m - 3 potions of haste {unknown}
 n - 2 potions of heal wounds {unknown}
 o - 3 potions of brilliance {unknown}
 p - a potion of invisibility {unknown}
 q - 2 potions of might {unknown}
 z - a potion of degeneration {unknown}
 B - a potion of cancellation {unknown}
Books
 c - a book of Maledictions

   Spells                             Type                      Level
   a - Corona                         Hexes                        1
   b - Ensorcelled Hibernation        Hexes/Ice                    2
   c - Confuse                        Hexes                        3
   d - Tukima's Dance                 Hexes                        3
   e - Dazzling Spray                 Conjuration/Hexes            3
 t - a book of Cantrips

   Spells                             Type                      Level
   a - Confusing Touch                Hexes                        1
   b - Animate Skeleton               Necromancy                   1
   c - Summon Small Mammal            Summoning                    1
   d - Apportation                    Translocation                1
Comestibles
 d - 9 bread rations
 A - a fruit


   Skills:
 + Level 3.1 Fighting
 * Level 7.0 Short Blades
 * Level 6.4 Dodging
 * Level 10.2 Stealth
 * Level 5.6 Spellcasting
 * Level 0.5 Conjurations
 * Level 6.2 Hexes
 + Level 0.6 Invocations


You had 8 spell levels left.
You knew the following spells:

 Your Spells              Type           Power        Failure   Level  Hunger
a - Corona                Hex            ####...      1%          1    None
b - Ensorcelled Hibernat  Hex/Ice        ###...       5%          2    None
c - Dazzling Spray        Conj/Hex       ###...       9%          3    ##.....
d - Apportation           Tloc           #.....       13%         1    None
e - Animate Skeleton      Necr           N/A          13%         1    None
f - Confuse               Hex            ####....     2%          3    ##.....


Dungeon Overview and Level Annotations

Branches:
Dungeon (6/15)
 Temple: D:4-7

Altars:
Dithmenos
Qazlal
Xom

Annotations:
D:6 hilaritas's ghost, novice DECj


Innate Abilities, Weirdness & Mutations

You are very small and have problems with some larger weapons.
You are too small for most types of armour.
You have supernaturally acute eyesight. (SInv)
You are a herbivore.
You cover ground extremely quickly.
You need consume almost no food.


Message History

The spray of energy hits hilaritas's ghost.
Hilaritas's ghost is severely damaged.
The spray of energy hits the plant.
The plant is lightly damaged.
Hilaritas's ghost completely misses you.
Casting: Dazzling Spray
Confirm with . or Enter, or press ? or * to list all spells.
Aiming: Dazzling Spray
Press: ? - help, Shift-Dir - straight line, f/p - electric eel
Aim: an electric eel (moderately wounded, blind, hasn't noticed you)
The spray of energy misses the electric eel.
The spray of energy hits the plant.
The plant is lightly damaged.
The spray of energy misses hilaritas's ghost.
The spray of energy hits the plant.
The plant is lightly damaged.
The spray of energy hits the plant.
Hilaritas's ghost hits you but does no damage.
You are electrocuted!
You die...

#.# ##.................###.###..
##.#####..........##..#.###.###..
#........#..#######...#..o.†...b#
##.#####.#..###=...^_(####..##..#
### ##.#..#≈♣P###...# ##.###..
#######.....♣≈≈≈♣##.### ###.o##..
..........P♣♣≈PP≈♣#.# #....[...
#######..≈♣♣≈≈≈≈P≈≈P# #..##....
#..≈♣≈P;≈≈@≈♣♣#####.####...
#.♣♣P≈P≈≈WP≈P≈.......##....
#.♣P≈♣≈PPP≈≈≈≈♣####...o....
#.≈≈≈≈≈PPP≈♣≈♣≈# ###.$##..
##≈≈≈P≈≈≈≈≈P♣≈≈# #.###..
P≈≈≈≈≈≈≈≈P ≈≈# #.##..# ≈≈≈≈≈≈≈≈≈
≈≈♣ #.....# ≈PP≈≈≈≈≈≈♣P≈♣ #####..
#..


You could see an electric eel (blind) and hilaritas's ghost.

Vanquished Creatures
  Pikel (D:5)
  Prince Ribbit (D:6)
  Sigmund (D:4)
  A water moccasin (D:4)
  An ice beast (D:5)
  A slave (D:5)
  A black bear (D:6)
  A phantom (D:5)
  2 ogres
  A bullfrog (D:6)
  2 scorpions
  2 howler monkeys
  A bullfrog zombie (D:5)
  2 crimson imps
  A centaur skeleton (D:6)
  An orc priest (D:6)
  3 hounds
  2 bullfrog skeletons
  3 worker ants
  Terence (D:3)
  5 orc wizards
  4 adders
  An ooze (D:4)
  5 adder skeletons
  2 worms
  2 dart slugs (D:5)
  2 leopard geckos
  14 orcs
  2 giant cockroaches
  8 goblins
  5 hobgoblins
  8 jackals
  5 kobolds
  2 quokkas (D:4)
  2 ball pythons
  8 bats
  A frilled lizard (D:2)
  2 quokka skeletons (D:4)
  8 rats
115 creatures vanquished.

Vanquished Creatures (collateral kills)
  An adder skeleton (D:6)
1 creature vanquished.

Vanquished Creatures (others)
  A leopard gecko (D:5)
  A giant cockroach (D:5)
  A jackal (D:2)
3 creatures vanquished.

Grand Total: 119 creatures vanquished

Notes
Turn   | Place    | Note
-------+----------+-------------------------------------------
     0 | D:1      | wnhky the Spriggan Enchanter began the quest for the Orb.
     0 | D:1      | Reached XP level 1. HP: 9/9 MP: 5/5
   286 | D:1      | Reached XP level 2. HP: 13/13 MP: 6/6
   673 | D:1      | Learned a level 2 spell: Ensorcelled Hibernation
   990 | D:2      | Found a stormy altar of Qazlal.
  1925 | D:3      | Noticed an ogre
  2057 | D:3      | Killed an ogre
  2057 | D:3      | Reached skill level 5 in Stealth
  2057 | D:3      | Reached XP level 3. HP: 13/17 MP: 0/8
  2057 | D:3      | Reached XP level 4. HP: 16/21 MP: 0/9
  2138 | D:3      | Learned a level 3 spell: Dazzling Spray
  2140 | D:3      | Learned a level 1 spell: Apportation
  2143 | D:3      | Learned a level 1 spell: Animate Skeleton
  2461 | D:3      | Noticed Terence
  2472 | D:3      | Killed Terence
  2472 | D:3      | Reached XP level 5. HP: 22/25 MP: 3/10
  2486 | D:3      | Reached skill level 1 in Fighting
  2580 | D:3      | Reached skill level 6 in Stealth
  3875 | D:4      | Reached XP level 6. HP: 30/30 MP: 10/12
  3927 | D:4      | Learned a level 3 spell: Confuse
  3934 | D:4      | Noticed Sigmund
  3937 | D:4      | Killed Sigmund
  3937 | D:4      | Reached skill level 7 in Stealth
  4233 | D:4      | Reached XP level 7. HP: 33/33 MP: 13/13
  4526 | D:5      | Entered Level 5 of the Dungeon
  5251 | D:5      | Reached skill level 8 in Stealth
  5361 | D:5      | Reached skill level 5 in Short Blades
  5361 | D:5      | Reached skill level 5 in Dodging
  5361 | D:5      | Reached skill level 5 in Hexes
  6306 | D:5      | Noticed Pikel
  6385 | D:5      | Killed Pikel
  6385 | D:5      | Reached skill level 9 in Stealth
  6385 | D:5      | Reached XP level 8. HP: 39/39 MP: 11/16
  6923 | D:6      | Reached skill level 5 in Spellcasting
  7067 | D:6      | Reached skill level 10 in Stealth
  7301 | D:6      | Found a shadowy altar of Dithmenos.
  7324 | D:6      | Became a worshipper of Dithmenos the Shadowed
  7326 | D:6      | Noticed Prince Ribbit
  7332 | D:6      | Killed Prince Ribbit
  7332 | D:6      | Reached XP level 9. HP: 44/44 MP: 16/18
  7400 | D:6      | Found a shimmering altar of Xom.
  7690 | D:6      | Noticed hilaritas's ghost (novice DECj)
  7712 | D:6      | Slain by hilaritas's ghost

Skill      XL: |  1  2  3  4  5  6  7  8  9 |
---------------+----------------------------+-----
Short Blades   | 2 3 4 6 7 |  7.0
Stealth        | 5 6 7 9 10 | 10.2
Spellcasting   | 3 4 5 |  5.6
Hexes          | 4 5 6 |  6.2
Fighting       | 1 2 3 |  3.1
Dodging        | 4 5 6 |  6.4
Conjurations   | |  0.5
Invocations    | |  0.6

Action                   |  1- 3 |  4- 6 |  7- 9 || total
-------------------------+-------+-------+-------++-------
Melee: Dagger            |    97 |   177 |   178 ||   452
 Cast: Corona            |     3 |     1 |     1 ||     5
       Ensorcelled Hiber |    16 |    21 |    42 ||    79
       Dazzling Spray    |       |     2 |     5 ||     7
       Confuse           |       |     1 |    17 ||    18
       Apportation       |       |       |     1 ||     1
       Animate Skeleton  |       |       |     2 ||     2
  Use: Potion            |       |     1 |       ||     1
 Stab: Sleeping          |    12 |    15 |    29 ||    56
       Distracted        |       |     1 |     1 ||     2
       Confused          |       |     1 |     5 ||     6
       Invisible         |       |       |     1 ||     1
  Eat: Royal jelly       |       |     1 |       ||     1
       Bread ration      |       |     1 |       ||     1
Armor: Robe              |    10 |    17 |    11 ||    38
Dodge: Dodged            |    88 |   165 |   124 ||   377
